AoeStats
← Green Assassin

African Clearing

505942890Analyzed
4v4 RM · 20d ago on Sep 11, 2026· 30m 21s· 8 players
Game mode
Random Map
Map size
Large (8 player)
Population
200
Speed
Normal
Resources
Standard
Victory
Conquest
Starting age
Dark Age
Ending age
Imperial Age
RankedLock teamsTeams togetherTeam positionsShared explorationLock speedFull tech treeHidden civsTurbo modeCheats
Victory
Defeat
🇩🇪 Romans · Germany
1154
+15
🇨🇦 Mongols · Canada
1153
+24
🇹🇷 Wei · Türkiye
1142
+15
🇺🇸 Bengalis · United States
1138
+15
🇨🇦 Mongols · Canada
1200
-18
🇭🇰 Vietnamese · Hong Kong SAR China
1175
-17
1110
-14
🇨🇳 Goths · China
1020
-11
...
13:45 Loom
16:25 Feudal Age
16:53 Double-Bit Axe
19:09 Wheelbarrow
22:35 Castle Age
20:29 Fletching
21:17 Padded Archer Armor
23:48 Bow Saw
27:12 Hand Cart
27:55 Gold Mining
27:48 Horse Collar
29:11 Heavy Plow
aoegamer115
11:03 Feudal Age
10:30 Loom
11:42 Double-Bit Axe
12:55 Horse Collar
21:54 Castle Age
21:01 Stone Mining
21:02 Gold Mining
21:04 Fletching
21:27 Bloodlines
23:54 Bow Saw
28:10 Wheelbarrow
27:21 Town Watch
28:10 Bodkin Arrow
29:50 Ballistics
kurinkito
5:03 Loom
13:05 Feudal Age
13:40 Double-Bit Axe
15:55 Fishing Lines
19:27 Wheelbarrow
19:32 Bloodlines
22:15 Forging
22:11 Scale Barding Armor
22:09 Gold Mining
23:03 Town Watch
26:38 Castle Age
25:41 Stone Mining
27:04 Horse Collar
27:30 Gillnets
28:00 Hand Cart
27:58 Bow Saw
28:02 Light Cavalry
28:46 Husbandry
29:23 Iron Casting
29:09 Chain Barding Armor
29:29 Gold Shaft Mining
Green Assassin
3:36 Loom
14:02 Feudal Age
15:20 Double-Bit Axe
20:32 Castle Age
18:19 Man-at-Arms
19:42 Scale Mail Armor
21:38 Wheelbarrow
21:02 Long Swordsman
21:44 Squires
22:36 Fishing Lines
29:34 Hand Cart
YKY
4:26 Loom
14:26 Feudal Age
18:37 Castle Age
17:46 Double-Bit Axe
18:50 Bloodlines
27:47 Wheelbarrow
28:13 Scale Barding Armor
29:13 Horse Collar
30:14 Hand Cart
投降输一半 行不行?
3:16 Loom
14:09 Feudal Age
15:41 Double-Bit Axe
19:58 Castle Age
17:53 Gold Mining
17:54 Stone Mining
18:41 Bloodlines
19:46 Horse Collar
20:09 Padded Archer Armor
20:11 Town Watch
21:25 Bow Saw
29:48 Leather Archer Armor
Amazon Shopping
12:43 Feudal Age
12:44 Loom
14:03 Double-Bit Axe
14:02 Horse Collar
15:57 Forging
27:42 Castle Age
26:11 Bloodlines
27:04 Scale Barding Armor
29:39 Iron Casting
ZIVA
16:11 Feudal Age
22:11 Castle Age
26:56 Loom
27:50 Wheelbarrow
Connection lost

Rejoining the realm…

Still unreachable

The connection could not be restored.

Session expired

The server has moved on; the page needs a fresh start.